 Dungeon Sprint DCSS version 0.23.0 (webtiles) character file.

Game seed: 15884569378928416479

812 Groucho the Basher (level 7, 0/41 HPs)
             Began as a Gargoyle Fighter on Feb 12, 2019.
             Was a Believer of Cheibriados.
             Slain by a seven-headed hydra (7 damage)
             ... in the Dungeon (Sprint IX: "|||||||||||||||||||||||||||||").
             The game lasted 00:03:39 (1128 turns).

Groucho the Basher (Gargoyle Fighter)               Turns: 1128, Time: 00:03:40

Health: 0/41       AC: 20    Str: 25    XL:     7   Next: 93%
Magic:  12/12      EV:  6    Int: 18    God:    Cheibriados [**....]
Gold:   0          SH: 12    Dex: 20    Spells: 6/6 levels left

rFire    . . .     SeeInvis .   n - +2 morningstar (crush)
rCold    . . .     Gourm    .   c - +0 shield
rNeg     + . .     Faith    .   o - +0 plate armour
rPois    ∞         Spirit   .   (no helmet)
rElec    +         Reflect  .   a - +0 cloak
rCorr    .         Harm     .   (no gloves)
MR       .....     NoTele   +   (no boots)
Stlth    ..........             (no amulet)
HPRegen  0.13/turn              b - +3 ring of dexterity
MPRegen  0.13/turn              p - +3 ring of intelligence

@: very slightly contaminated, invisible, very slow
A: negative energy resistance 1, electricity resistance, unbreathing,
petrification resistance, rot immunity, AC +4
a: Bend Time, Renounce Religion


You were in the Dungeon.
You worshipped Cheibriados.
Cheibriados was pleased with you.
You were not hungry.

You visited 1 branch

Inventory:

Hand Weapons
 n - a +2 morningstar of crushing (weapon)
Armour
 a - a +0 cloak (worn)
 c - a +0 shield (worn)
 o - a +0 plate armour (worn)
Jewellery
 b - a +3 ring of dexterity (left hand)
 p - a +3 ring of intelligence (right hand)
Wands
 m - a wand of acid (10)
Scrolls
 j - 3 scrolls of remove curse
 k - a scroll of blinking
 l - 2 scrolls of amnesia
Potions
 d - a potion of might
 e - 4 potions of curing
 i - 4 potions of magic
Comestibles
 f - a ration


   Skills:
 - Level 3.2 Fighting
 + Level 10.9 Maces & Flails
 + Level 10.3 Armour
 + Level 8.0 Shields
 + Level 7.1 Invocations


You had 6 spell levels left.
You didn't know any spells.
Your spell library was empty.

Dungeon Overview and Level Annotations

Branches:
Dungeon (1/1)

Altars:
Cheibriados
Dithmenos
Elyvilon
Fedhas
Gozag
Hepliaklqana
Kikubaaqudgha
Makhleb
Nemelex Xobeh
Okawaru
Qazlal
Ru
Sif Muna
Trog
Uskayaw
Vehumet
Wu Jian
Xom
Yredelemnul
Zin
The Shining One
Beogh
Jiyva
Lugonu


Innate Abilities, Weirdness & Mutations

You are resistant to torment.
Your stone body is resilient. (AC +4)
You are immune to poison.
You resist negative energy. (rN+)
You are resistant to electric shocks. (rElec)
You can survive without breathing.
You are immune to petrification.
You are immune to rotting.


Message History

Press: ? - help, Dir - move target cursor You are very lightly contaminated with residual magic.
As you read the scroll of blinking, it crumbles to dust.
You fade into invisibility!
Unknown command.
Unknown command.
You feel better.
Unknown command.
Unknown command.
You are too injured to fight recklessly!
Unknown command.
You impale the seven-headed hydra!!
The seven-headed hydra is almost dead.
The seven-headed hydra bites you but does no damage. x2
You block the seven-headed hydra's attack.
The seven-headed hydra barely misses you.
The seven-headed hydra bites you. The seven-headed hydra bites you!
* * * LOW HITPOINT WARNING * * *
The seven-headed hydra bites you!
You die... ▓▓▓▓▓▓▓▓▓▓▓▓▓▓▓▓▓▓▓▓▓▓▓▓▓▓▓ .y.aC.'a.D@))(()[[.)|..'___ ▓▓▓▓▓▓▓▓▓▓▓▓▓▓▓▓▓▓▓▓▓▓▓▓▓▓▓

You could see a seven-headed hydra, a cyclops, a soldier ant and a worker ant.

Vanquished Creatures
  A hippogriff (D)
  2 yaks (D)
  A phantom (D)
  2 centaurs (D)
  An orc wizard (D)
  A quasit (D)
  A hound (D)
  An adder zombie (D)
  A leopard gecko (D)
  A jackal (D)
  2 kobolds (D)
  2 bats (D)
16 creatures vanquished.

Notes
Turn   | Place    | Note
-------+----------+-------------------------------------------
     0 | D        | Groucho the Gargoyle Fighter began the quest for the Orb.
     0 | D        | Reached XP level 1. HP: 14/14 MP: 1/1
    37 | D        | Reached XP level 2. HP: 10/19 MP: 2/2
   393 | D        | Noticed a phantom
   405 | D        | Reached skill level 5 in Maces & Flails
   405 | D        | Reached skill level 5 in Armour
   405 | D        | Reached XP level 3. HP: 18/23 MP: 3/3
   425 | D        | Reached XP level 4. HP: 22/28 MP: 4/4
   481 | D        | Killed a phantom
   481 | D        | Reached XP level 5. HP: 14/32 MP: 5/5
   767 | D        | Found a roughly hewn altar of Beogh.
   767 | D        | Found a snail-covered altar of Cheibriados.
   767 | D        | Found a shadowy altar of Dithmenos.
   767 | D        | Found a white marble altar of Elyvilon.
   767 | D        | Found a blossoming altar of Fedhas.
   767 | D        | Found an opulent altar of Gozag.
   768 | D        | Found a hazy altar of Hepliaklqana.
   769 | D        | Found a viscous altar of Jiyva.
   770 | D        | Found an ancient bone altar of Kikubaaqudgha.
   771 | D        | Became a worshipper of Cheibriados the Contemplative
   772 | D        | Found a corrupted altar of Lugonu.
   773 | D        | Found a burning altar of Makhleb.
   774 | D        | Found a sparkling altar of Nemelex Xobeh.
   775 | D        | Found an iron altar of Okawaru.
   776 | D        | Found a stormy altar of Qazlal.
   777 | D        | Found a sacrificial altar of Ru.
   778 | D        | Found a deep blue altar of Sif Muna.
   779 | D        | Found a bloodstained altar of Trog.
   780 | D        | Found a hide-covered altar of Uskayaw.
   781 | D        | Found a radiant altar of Vehumet.
   782 | D        | Found an ornate altar of the Wu Jian Council.
   783 | D        | Found a shimmering altar of Xom.
   784 | D        | Found a basalt altar of Yredelemnul.
   785 | D        | Found a glowing silver altar of Zin.
   786 | D        | Found a glowing golden altar of the Shining One.
   843 | D        | Noticed a centaur
   843 | D        | Noticed a yak
   843 | D        | Noticed a hippogriff
   843 | D        | Noticed a yak
   843 | D        | Noticed a centaur
   847 | D        | Killed a centaur
   847 | D        | Reached XP level 6. HP: 37/37 MP: 5/8
   851 | D        | Killed a yak
   851 | D        | Reached * piety under Cheibriados
   854 | D        | Killed a hippogriff
   854 | D        | Reached skill level 10 in Maces & Flails
   854 | D        | Reached skill level 5 in Invocations
   854 | D        | Reached XP level 7. HP: 35/41 MP: 5/11
   862 | D        | Killed a yak
   862 | D        | Reached ** piety under Cheibriados
   862 | D        | Reached skill level 10 in Armour
  1115 | D        | Noticed a vampire mosquito
  1115 | D        | Noticed a cyclops
  1115 | D        | Noticed a soldier ant
  1115 | D        | Noticed a seven-headed hydra
  1128 | D        | Slain by a seven-headed hydra

Skill      XL: |  1  2  3  4  5  6  7 |
---------------+----------------------+-----
Maces & Flails | 3 5 6 8 9 10 | 10.9
Armour         | 4 5 6 7 8 9 10 | 10.3
Shields        | 4 6 8 |  8.0
Invocations    | 2 5 7 |  7.1
Fighting       | |  3.2

Action                   |  1- 3 |  4- 6 |  7- 9 || total
-------------------------+-------+-------+-------++-------
Melee: Flail             |    58 |    35 |       ||    93
       Morningstar       |       |    10 |    26 ||    36
  Use: Potion            |     3 |       |     4 ||     7
       Scroll            |       |       |     1 ||     1
Armor: Scale mail        |    52 |     9 |       ||    61
       Plate armour      |       |     4 |    41 ||    45
Dodge: Dodged            |    24 |    10 |    15 ||    49
Block: Shield            |    46 |    18 |    27 ||    91
